 Dungeon Crawl Stone Soup version 0.27.1-33-g824d729ab1 (webtiles) character file.

Game seed: 13035163643528603860

2 Powertoast the Sneak (level 1, -1/9 HPs)
             Began as a Spriggan Enchanter on Dec 6, 2021.
             Frozen to death by an endoplasm (5 damage)
             ... on level 1 of the Dungeon.
             The game lasted 00:00:58 (293 turns).

Powertoast the Sneak (Spriggan Enchanter)            Turns: 293, Time: 00:00:59

Health: -1/9       AC:  2    Str:  4    XL:     1   Next: 25%
Magic:  3/5        EV: 17    Int: 16    God:
Gold:   7          SH:  0    Dex: 15    Spells: 4/5 levels left

rFire    . . .     SeeInvis +   a - +1 dagger
rCold    . . .     Faith    .   (shield restricted)
rNeg     . . .     Spirit   .   b - +0 robe
rPois    .         Reflect  .   (helmet restricted)
rElec    .         Harm     .   (no cloak)
rCorr    .         Rampage  .   (gloves unavailable)
Will     .....                  (boots unavailable)
Stlth    +++.......             (no amulet)
HPRegen  0.03/turn              (no ring)
MPRegen  0.09/turn              (no ring)

@: very quick
A: very small, no large weapons, unfitting armour, see invisible, speed 3
a: no special abilities


You were on level 1 of the Dungeon.
You visited 1 branch of the dungeon, and saw 1 of its levels.

You collected 7 gold pieces.

Inventory:

Hand Weapons
 a - a +1 dagger (weapon)
Armour
 b - a +0 robe (worn)
Scrolls
 c - a scroll of enchant armour {unknown}
Potions
 d - a potion of mutation {unknown}


   Skills:
 - Level 1.1 Short Blades
 - Level 2.6 Dodging
 - Level 4.4 Stealth
 + Level 2.8 Spellcasting
 + Level 3.7 Hexes


You had 4 spell levels left.
You knew the following spells:

 Your Spells              Type           Power      Damage    Failure   Level
a - Corona                Hex            15%        N/A       4%          1

Your spell library contained the following spells:

 Spells                   Type           Power      Damage    Failure   Level
 Confusing Touch          Hex            14%        N/A       12%         3
 Tukima's Dance           Hex            14%        N/A       12%         3
 Ensorcelled Hibernation  Hex/Ice        16%        N/A       14%         2
 Animate Skeleton         Necr           4%         N/A       19%         1
 Pain                     Necr           8%         1d4       19%         1
 Dazzling Flash           Conj/Hex       16%        N/A       26%         3
 Vampiric Draining        Necr           1%         2d6       50%         3


Dungeon Overview and Level Annotations

Branches:
Dungeon (1/15)

Altars:


Innate Abilities, Weirdness & Mutations

You are very small and have problems with some larger weapons.
You are too small for most types of armour.
You have supernaturally acute eyesight. (SInv)
You cover ground extremely quickly. (Speed+++)


Message History

The bat misses you. The endoplasm freezes you.
You are frozen.
Ouch! That really hurt!
You barely miss the endoplasm.
The endoplasm is heavily wounded.
The bat closely misses you. The endoplasm completely misses you.
The endoplasm jiggles.
The bat completely misses you. The bat completely misses you.
The bat barely misses you.
There is a stone staircase leading down here.
The bat closely misses you. The bat misses you.
You hit the bat.
The bat is moderately wounded.
The bat closely misses you. The bat hits you but does no damage.
You barely miss the bat.
The bat is moderately wounded.
The bat hits you. The bat barely misses you. The bat misses you.
You hit the bat.
You kill the bat!
Casting: Corona (safe; 4% risk of failure)
Confirm with . or Enter, or press ? or * to list all spells.
Aiming: Corona (safe; 4% risk of failure)
Press: ? - help, Shift-Dir - straight line, f - endoplasm
Aim: an endoplasm (heavily wounded, chance to affect: 68%)
The endoplasm is outlined in light.
Casting: Corona (safe; 4% risk of failure)
Confirm with . or Enter, or press ? or * to list all spells.
Aiming: Corona (safe; 4% risk of failure)
Press: ? - help, Shift-Dir - straight line, f/p - endoplasm
Aim: an endoplasm (heavily wounded, softly glowing, chance to affect: 68%)
The endoplasm glows brighter.
The endoplasm freezes you.
You are frozen.
Ouch! That really hurt!
You die...

########
######......########
....J......>†..J@..#
...###......######.#
...# #......# #.#
...# #......# #.#
#.## ######## #.#
#.# #.# #.# #.# #.#
#.# #.# #.#


You could see an endoplasm (corona).

Vanquished Creatures
  A bat (D:1)
  A frilled lizard (D:1)
2 creatures vanquished.

Notes
Turn   | Place    | Note
-------+----------+-------------------------------------------
     0 | D:1      | Powertoast the Spriggan Enchanter began the quest for the
                  | Orb.
     0 | D:1      | Reached XP level 1. HP: 9/9 MP: 5/5
   293 | D:1      | Frozen to death by an endoplasm

Illustrated notes

Levels and vault maps discovered:
D:1:      dpeg_arrival_solitude, layout_basic, basic_ecumenical_altar

Action                   || total
-------------------------++-------
Melee: Dagger            ||     8
 Cast: Corona            ||     2
Armor: Robe              ||     1
Dodge: Dodged            ||    14
